AoeStats
← ПАМПУШКА

Black Forest

507476738Analyzed
3v3 RM · 13d ago on Sep 18, 2026· 79m 6s· 6 players
Game mode
Random Map
Map size
Normal (6 player)
Population
200
Speed
Normal
Resources
Standard
Victory
Conquest
Starting age
Dark Age
Ending age
Imperial Age
RankedLock teamsTeams togetherTeam positionsShared explorationLock speedFull tech treeHidden civsTurbo modeCheats
Victory
Defeat
🇱🇻 Britons · Latvia
1029
+17
🇨🇿 Goths · Czechia
1004
+18
🇹🇷 Celts · Türkiye
990
+19
🇨🇳 Mongols · China
1070
-19
🇨🇳 Persians · China
1046
-18
🇨🇳 Celts · China
1035
-17
i.yildirim35
0:32 Loom
14:00 Feudal Age
14:49 Horse Collar
18:04 Man-at-Arms
19:36 Forging
21:04 Scale Mail Armor
20:54 Arson
21:15 Double-Bit Axe
28:33 Castle Age
27:37 Gold Mining
29:54 Bow Saw
29:47 Heavy Plow
30:23 Gold Shaft Mining
30:33 Iron Casting
30:13 Chain Mail Armor
31:16 Stone Mining
32:02 Wheelbarrow
32:46 Stone Shaft Mining
34:01 Hand Cart
34:44 Gambesons
38:41 Imperial Age
38:42 Elite Woad Raider
39:46 Conscription
39:27 Town Watch
40:57 Blast Furnace
40:28 Plate Mail Armor
44:09 Caravan
60:36 Scale Barding Armor
61:29 Husbandry
60:52 Light Cavalry
61:50 Hussar
67:41 Pikeman
70:00 Halberdier
73:04 Onager
73:49 Elite Skirmisher
ПАМПУШКА
10:19 Loom
10:58 Loom
13:02 Feudal Age
14:26 Stone Mining
14:46 Double-Bit Axe
15:40 Wheelbarrow
18:20 Castle Age
16:07 Horse Collar
18:30 Gold Mining
19:16 Hand Cart
19:51 Bow Saw
19:43 Heavy Plow
28:54 Scale Mail Armor
28:55 Padded Archer Armor
28:49 Town Watch
31:39 Imperial Age
28:58 Town Watch
29:29 Fletching
29:54 Chain Mail Armor
30:12 Caravan
31:05 Town Patrol
31:54 Gold Shaft Mining
32:10 Yeomen
32:58 Plate Mail Armor
32:44 Leather Archer Armor
34:09 Conscription
34:33 Bodkin Arrow
35:08 Ring Archer Armor
34:10 Elite Longbowman
34:54 Warwolf
36:31 Hoardings
37:16 Two-Man Saw
36:21 Bracer
36:32 Forging
37:54 Guilds
38:15 Coinage
38:33 Iron Casting
38:38 Ballistics
39:18 Chemistry
38:37 Fortified Wall
38:24 Murder Holes
38:42 Masonry
38:31 Treadmill Crane
38:39 Arrowslits
39:18 Siege Engineers
38:59 Arrowslits
39:11 Murder Holes
39:27 Fortified Wall
39:30 Masonry
54:58 Squires
54:44 Arson
54:46 Gambesons
54:25 Pikeman
55:27 Halberdier
59:12 Blast Furnace
Lord George V
1:27 Loom
14:01 Feudal Age
14:12 Man-at-Arms
18:48 Scale Mail Armor
19:00 Forging
22:55 Double-Bit Axe
25:17 Horse Collar
35:01 Castle Age
32:58 Gold Mining
36:06 Heavy Plow
37:46 Chain Mail Armor
38:13 Iron Casting
38:03 Stone Mining
40:56 Squires
40:18 Pikeman
41:34 Bow Saw
42:49 Town Watch
48:30 Imperial Age
48:37 Wheelbarrow
49:29 Perfusion
50:52 Blast Furnace
49:19 Halberdier
54:51 Conscription
60:55 Bloodlines
60:08 Light Cavalry
60:49 Husbandry
60:58 Scale Barding Armor
60:55 Husbandry
61:58 Hussar
63:45 Chain Barding Armor
qxkgood
0:32 Loom
6:36 Loom
12:43 Feudal Age
14:11 Town Watch
17:59 Castle Age
18:40 Double-Bit Axe
22:08 Scale Barding Armor
25:33 Bow Saw
29:20 Wheelbarrow
30:59 Horse Collar
31:36 Hand Cart
33:53 Town Patrol
36:48 Imperial Age
34:51 Chain Barding Armor
34:41 Forging
36:18 Bloodlines
36:08 Husbandry
36:33 Cavalier
38:02 Heavy Plow
38:58 Plate Barding Armor
38:58 Iron Casting
38:09 Savar
42:05 Blast Furnace
45:40 Gold Mining
45:40 Stone Mining
46:28 Light Cavalry
54:10 Elite Skirmisher
55:02 Thumb Ring
55:03 Scale Mail Armor
55:07 Padded Archer Armor
55:08 Crossbowman
55:54 Kamandaran
60:12 Chemistry
59:43 Ballistics
60:18 Fletching
60:53 Leather Archer Armor
70:20 Hussar
71:58 Crop Rotation
King Bourbon
0:27 Loom
17:02 Feudal Age
21:28 Castle Age
19:28 Double-Bit Axe
20:30 Fletching
36:34 Fortified Wall
36:41 Bow Saw
44:03 Imperial Age
41:43 Bodkin Arrow
41:58 Horse Collar
43:49 Gold Mining
43:49 Stone Mining
44:31 Ballistics
47:12 Bracer
49:18 Wheelbarrow
53:19 Siege Engineers
63:41 Gold Shaft Mining
68:30 Conscription
69:49 Hand Cart
71:52 Caravan
74:34 Drill
75:52 Padded Archer Armor
76:10 Heavy Plow
TGenV
0:29 Loom
16:00 Feudal Age
23:19 Castle Age
32:21 Double-Bit Axe
33:08 Gold Mining
40:09 Imperial Age
38:06 Bow Saw
38:39 Horse Collar
39:38 Gold Shaft Mining
41:11 Wheelbarrow
41:13 Furor Celtica
41:50 Capped Ram
42:39 Siege Ram
42:42 Heavy Scorpion
44:38 Ballistics
45:20 Chemistry
47:32 Hand Cart
47:29 Siege Engineers
52:12 Husbandry
52:58 Town Watch
55:14 Light Cavalry
57:53 Hussar
76:23 Caravan
Connection lost

Rejoining the realm…

Still unreachable

The connection could not be restored.

Session expired

The server has moved on; the page needs a fresh start.